 Dungeon Crawl Stone Soup version 0.26.1-10-gdfb7c7de75 (webtiles) character file.

Game seed: 485678552784121687

96 MajorAdolf the Skirmisher (level 4, -7/42 HPs)
             Began as a Naga Wanderer on Apr 3, 2021.
             Splashed by a jelly's acid (10 damage)
             ... on level 3 of the Dungeon.
             The game lasted 00:03:13 (2143 turns).

MajorAdolf the Skirmisher (Naga Wanderer)           Turns: 2143, Time: 00:03:14

Health: -7/42      AC: -1    Str: 15    XL:     4   Next: 67%
Magic:  4/4        EV:  7    Int: 15    God:
Gold:   127        SH:  0    Dex:  8    Spells: 3/3 levels left

rFire    . . .     SeeInvis +   a - +0 hand axe
rCold    . . .     Faith    .   (no shield)
rNeg     . . .     Spirit   .   b - +2 scale mail
rPois    +         Reflect  .   g - +0 helmet (curse)
rElec    .         Harm     .   o - +1 cloak
rCorr    .         Rampage  .   (no gloves)
Will     .....                  (no barding)
Stlth    +.........             (no amulet)
HPRegen  0.14/turn              (no ring)
MPRegen  0.09/turn              (no ring)

@: short of breath, corroded, very slow
A: large, see invisible, deformed body, poison resistance, slowness 2, spit
poison 1, AC +1
a: Spit Poison


You were on level 3 of the Dungeon.
You visited 1 branch of the dungeon, and saw 3 of its levels.

You collected 127 gold pieces.

Inventory:

Hand Weapons
 a - a +0 hand axe (weapon)
 d - a +0 dagger
Armour
 b - a +2 scale mail (worn)
 g - a cursed +0 helmet (worn)
 o - a +1 cloak (worn)
Jewellery
 i - an uncursed amulet of reflection
 l - an uncursed amulet of guardian spirit
 m - an uncursed amulet of regeneration {unknown}
Scrolls
 e - a scroll of teleportation
 k - a scroll of identify
Potions
 c - 2 potions of curing
 f - a potion of magic {unknown}
 h - a potion of flight {unknown}
 j - a potion of heal wounds {unknown}
 p - a potion of cancellation {unknown}
 q - a potion of mutation {unknown}
 r - a potion of lignification {unknown}
 t - a potion of invisibility {unknown}


   Skills:
 + Level 3.4 Fighting
 + Level 1.3 Axes
 - Level 1.0 Throwing
 + Level 2.1 Armour
 + Level 1.3 Dodging
 - Level 3.0 Stealth
 + Level 1.1 Shields
 - Level 2.0 Unarmed Combat
 + Level 1.2 Evocations


You had 3 spell levels left.
You didn't know any spells.
Your spell library was empty.

Dungeon Overview and Level Annotations

Branches:
Dungeon (3/15)

Altars:

Annotations:
D:2 1 runed translucent door, Crazy Yiuf
D:3 Grinder


Innate Abilities, Weirdness & Mutations

You cannot wear boots.
Your serpentine skin is tough. (AC +1)
You have supernaturally acute eyesight. (SInv)
Armour fits poorly on your strangely shaped body.
Your system is resistant to poisons. (rPois)
You cover ground very slowly.
You can spit poison.


Message History

You hit the jelly but do no damage. The acid corrodes you!
Your hands burn!
The jelly is severely wounded.
Grinder blinks!
The jelly hits you.
You are splashed with acid.
You barely miss the jelly.
The jelly is severely wounded.
You have got your breath back.
The jelly barely misses you. The jelly hits you.
* * * LOW HITPOINT WARNING * * *
You are splashed with acid.
* * * LOW HITPOINT WARNING * * *
Okay, then.
Abil: Spit Poison
Press: ? - help, Q - select action Shift-Dir - straight line, f/p - jelly
Aim: a jelly (severely wounded)
The splash of poison hits the jelly.
The jelly is poisoned.
The jelly is almost dead.
The jelly hits you.
* * * LOW HITPOINT WARNING * * *
You are splashed with acid!
You die...

#...##...##.#
####.#....####.#
#.......### #.#
#...... ..###...#
#.#
#......(.####..##
#.#
#..5h..........#
#.#
.§......#####..#
#.#
.......##.....##
#.#
.......#J@#####
#.# .......†.##
###.### #####.†##
#.....# #.##
#.....# #.
#.....# ..
#.....# ...
#...... ...#
#.....# ....
#.<...#


You could see a jelly (poisoned).

Vanquished Creatures
  3 adders
  An ooze (D:1)
  A worm (D:2)
  A dart slug (D:2)
  2 leopard geckos (D:2)
  4 giant cockroaches
  3 goblins (D:2)
  11 hobgoblins
  7 jackals
  7 kobolds
  A quokka (D:2)
  4 bats
  4 frilled lizards
  5 rats
54 creatures vanquished.

Notes
Turn   | Place    | Note
-------+----------+-------------------------------------------
     0 | D:1      | MajorAdolf the Naga Wanderer began the quest for the Orb.
     0 | D:1      | MajorAdolf set off with the following items: a +0 hand axe,
                  | a +2 scale mail, a potion of curing, a +0 dagger
     0 | D:1      | Reached XP level 1. HP: 21/21 MP: 1/1
   195 | D:1      | Reached XP level 2. HP: 27/28 MP: 2/2
   806 | D:1      | Reached XP level 3. HP: 29/34 MP: 3/3
  1102 | D:2      | Reached skill level 1 in Axes
  1236 | D:2      | Reached skill level 1 in Evocations
  1346 | D:2      | Reached skill level 1 in Dodging
  1385 | D:2      | Found a runed translucent door.
  1386 | D:2      | Noticed Crazy Yiuf
  1500 | D:2      | Reached XP level 4. HP: 42/42 MP: 4/4
  1665 | D:2      | Reached skill level 1 in Shields
  2139 | D:3      | Noticed Grinder
  2143 | D:3      | Splashed by a jelly's acid

Illustrated notes

Levels and vault maps discovered:
D:1:      nzn_arrival_water_spiral, layout_basic
D:2:      layout_rooms, uniq_crazy_yiuf_cottage
D:3:      layout_rooms, gammafunk_temple_overflow_pools,
          chequers_ecumenical_altar_simple_redux, portal_sewer_entry_e,
          uniq_grinder

Skill      XL: |  1  2  3  4 |
---------------+-------------+-----
Axes           | 1 |  1.3
Armour         | 2 |  2.1
Evocations     | 1 |  1.2
Dodging        | 1 |  1.3
Shields        | 1 |  1.1
Fighting       | |  3.4
Throwing       | |  1.0
Stealth        | |  3.0
Unarmed Combat | |  2.0

Action                   |  1- 3 |  4- 6 || total
-------------------------+-------+-------++-------
Melee: Hand axe          |   123 |    94 ||   217
 Abil: Spit Poison       |     1 |     5 ||     6
  Use: Scroll            |     3 |     4 ||     7
Armor: Scale mail        |    97 |   116 ||   213
Dodge: Dodged            |    65 |    46 ||   111
